 Dungeon Crawl Stone Soup version 0.19.5 (webtiles) character file.

17552 ponchio the Destroyer (level 12, -4/59 HPs)
             Began as a Deep Elf Conjurer on Nov 15, 2017.
             Was a Priest of Vehumet.
             Slain by Xiguana's ghost (24 damage)
             ... on level 3 of the Lair of Beasts.
             The game lasted 01:33:18 (15880 turns).

ponchio the Destroyer (Deep Elf Conjurer)          Turns: 15880, Time: 01:33:20

Health: -4/59      AC:  9    Str:  5    XL:     12   Next: 19%
Magic:  0/29       EV: 21    Int: 29    God:    Vehumet [***...]
Gold:   668        SH:  0    Dex: 21    Spells: 5 memorised, 17 levels left

rFire  + . .     SeeInvis .     x - +3 spear of Jytarghupp {pierce, rPois Dex+6}
rCold  . . .     Gourm    .     a - +0 robe
rNeg   . . .     Faith    .     (no shield)
rPois  +         Spirit   +     u - +2 helmet {Int+3}
rElec  .         Reflect  .     p - +2 cloak {+Inv}
rCorr  .         Harm     .     (no gloves)
MR     +....                    r - +0 pair of boots
Stlth  ++........               A - amulet of guardian spirit
                                (no ring)
                                D - ring of fire

@: no status effects
A: cold resistance 1
a: Renounce Religion, Evoke Invisibility


You were on level 3 of the Lair of Beasts.
You worshipped Vehumet.
Vehumet was most pleased with you.
You were not hungry.

You visited 3 branches of the dungeon, and saw 12 of its levels.

You collected 668 gold pieces.

Inventory:

Hand Weapons
 w - a +2 mace of protection
 x - the +3 spear of Jytarghupp (weapon) {pierce, rPois Dex+6}
   (You found it on level 4 of the Dungeon)

   It inflicts extra damage upon your enemies.
   It affects your dexterity (+6).
   It protects you from poison.
Armour
 a - a +0 robe (worn)
 p - a +2 cloak of invisibility (worn)
 r - a +0 pair of boots (worn)
 u - a +2 helmet of intelligence (worn)
Jewellery
 A - an amulet of guardian spirit (around neck)
 D - a ring of fire (left hand)
Wands
 e - a wand of iceblast (10/15)
 g - a wand of lightning (9/15)
 m - a wand of flame (17/48)
 t - a wand of flame (36/48)
 y - a wand of flame (21/48)
Scrolls
 f - 5 scrolls of teleportation
 k - 5 scrolls of remove curse
 l - a scroll of recharging
 q - 2 scrolls of enchant weapon
 s - 5 scrolls of identify
 B - a scroll of magic mapping
 E - a scroll of fog {unknown}
 L - a scroll of blinking
Potions
 d - 3 potions of cancellation
 h - 4 potions of curing
 j - 4 potions of haste
 n - 5 potions of flight
 o - 4 potions of agility
 v - 2 potions of heal wounds {unknown}
 C - a potion of brilliance
 G - a potion of magic
 H - 2 potions of resistance
Books
 b - a book of Conjurations

   Spells                             Type                      Level
   a - Magic Dart                     Conjuration                  1
   b - Searing Ray                    Conjuration                  2
   c - Dazzling Spray                 Conjuration/Hexes            3
   d - Fulminant Prism                Conjuration/Hexes            4
   e - Iskenderun's Mystic Blast      Conjuration                  4
   f - Iskenderun's Battlesphere      Conjuration/Charms           5
 z - a book of Fire

   Spells                             Type                      Level
   a - Ignite Poison                  Fire/Transmutation/Poison    3
   b - Fireball                       Conjuration/Fire             5
   c - Bolt of Fire                   Conjuration/Fire             6
   d - Delayed Fireball               Conjuration/Fire             7
   e - Ring of Flames                 Charms/Fire                  7
Comestibles
 c - 5 bread rations
 i - 9 fruits
 F - a meat ration


   Skills:
 - Level 10.3 Dodging
 - Level 2.4 Stealth
 - Level 11.7 Spellcasting
 - Level 12.1 Conjurations
 - Level 11.9 Charms
 - Level 7.1 Necromancy
 + Level 7.0 Fire Magic


You had 17 spell levels left.
You knew the following spells:

 Your Spells              Type           Power        Failure   Level  Hunger
a - Magic Dart            Conj           ####         1%          1    None
b - Dazzling Spray        Conj/Hex       ######       1%          3    None
c - Iskenderun's Battles  Conj/Chrm      ######..     1%          5    ##.....
d - Vampiric Draining     Necr           ######....   1%          3    None
e - Fireball              Conj/Fire      #######...   1%          5    ##.....


Dungeon Overview and Level Annotations

Branches:
Dungeon (8/15)             Temple (1/1) D:7            Lair (3/6) D:8
 Shoals (0/4) Lair:3        Snake (0/4) Lair:2

Altars:
Ashenzari
Dithmenos
Fedhas
Gozag
Hepliaklqana
Kikubaaqudgha
Makhleb
Nemelex Xobeh
Qazlal
Uskayaw
Vehumet
Yredelemnul
Zin
The Shining One

Annotations:
Lair:3 Xiguana's ghost, journeyman TrSk


Innate Abilities, Weirdness & Mutations

Your flesh is cold resistant. (rC+)


Message History

Press: ? - help, Shift-Dir - straight line, f/p - Xiguana's ghost
Aim: Xiguana's ghost (heavily damaged)
The magic dart hits Xiguana's ghost.
Xiguana's ghost is heavily damaged.
Xiguana's ghost hits you!!
Your battlesphere fires!
The barrage of energy hits Xiguana's ghost.
Xiguana's ghost is heavily damaged.
Casting: Magic Dart
Confirm with . or Enter, or press ? or * to list all spells.
Aiming: Magic Dart
Press: ? - help, Shift-Dir - straight line, f/p - Xiguana's ghost
Aim: Xiguana's ghost (heavily damaged)
The magic dart hits Xiguana's ghost.
Xiguana's ghost is heavily damaged.
Your battlesphere fires!
The barrage of energy hits Xiguana's ghost.
Xiguana's ghost is heavily damaged.
Xiguana's ghost hits you!!
You die...

(...............................
................................
P...##..........................
........................ [...#
......................... ....##
..........................
.....##.......§...*..............
.....#...........................
....#...........@...###........
.........P......W.#≈..#..####.P
.......PP.........#.≈.####
.....#.##P..##....##≈..#
......†............ ≈≈.#
....P..............##≈#.#
.................... ≈>.#
...................##≈#.#
...................#


You could see Xiguana's ghost and a friendly battlesphere.

Vanquished Creatures
  3 hydras
  The ghost of Xiguana the Grappler, a journeyman VSWz of Cheibriados (Lair:1)
  A hill giant (D:8)
  3 sirens (Lair:3)
  A black mamba (Lair:2)
  5 komodo dragons
  6 spiny frogs
  A rime drake (Lair:1)
  A merfolk (Lair:3)
  Grinder (D:5)
  2 hippogriffs
  4 blink frogs (Lair:2)
  Sigmund (D:3)
  13 yaks
  A hungry ghost (D:7)
  9 porcupines
  4 water moccasins
  3 ice beasts
  A black bear (Lair:2)
  2 sky beasts
  2 orc warriors
  A phantom (D:6)
  4 ogres
  11 wolves
  5 centaurs
  4 crocodiles
  6 bullfrogs
  A scorpion (D:5)
  5 howler monkeys
  4 crimson imps
  A quasit (D:7)
  A centaur zombie (D:5)
  3 orc priests
  A hound (D:6)
  3 jellies
  A bullfrog skeleton (D:8)
  Ijyb (D:3)
  Terence (D:3)
  2 iguanas
  6 orc wizards
  5 hell rats (Lair:3)
  11 worker ants
  Robin (D:3)
  6 gnolls
  A howler monkey skeleton (D:6)
  12 adders
  2 shadow imps
  An adder skeleton (D:4)
  3 worms (D:3)
  A dart slug (D:1)
  6 leopard geckos
  31 orcs
  6 bats
  6 giant cockroaches
  12 hobgoblins
  8 jackals
  2 quokkas
  4 ball pythons
  A ball python skeleton (D:4)
  9 frilled lizards
  17 goblins
  9 kobolds
  A leopard gecko skeleton (D:4)
  9 rats
  A spectral orc (D:5)
291 creatures vanquished.

Vanquished Creatures (others)
  3 fungi
3 creatures vanquished.

Grand Total: 294 creatures vanquished

Notes
Turn   | Place    | Note
-------+----------+-------------------------------------------
     0 | D:1      | ponchio the Deep Elf Conjurer began the quest for the Orb.
     0 | D:1      | Reached XP level 1. HP: 10/10 MP: 6/6
   211 | D:1      | Reached XP level 2. HP: 15/15 MP: 6/8
  1862 | D:1      | Reached skill level 5 in Spellcasting
  1862 | D:1      | Reached XP level 3. HP: 19/19 MP: 5/11
  1867 | D:1      | Learned a level 3 spell: Dazzling Spray
  1988 | D:2      | Found a sparkling altar of Nemelex Xobeh.
  2407 | D:2      | Found an ancient bone altar of Kikubaaqudgha.
  2690 | D:2      | Found an ancient bone altar of Kikubaaqudgha.
  2803 | D:2      | Reached XP level 4. HP: 24/24 MP: 11/14
  2819 | D:2      | Found a sparkling altar of Nemelex Xobeh.
  3315 | D:2      | Found an ancient bone altar of Kikubaaqudgha.
  3439 | D:2      | Found a sparkling altar of Nemelex Xobeh.
  3967 | D:2      | Found a sparkling altar of Nemelex Xobeh.
  3998 | D:2      | Found an ancient bone altar of Kikubaaqudgha.
  4510 | D:3      | Noticed Robin
  4533 | D:3      | Killed Robin
  4885 | D:3      | Reached XP level 5. HP: 16/28 MP: 0/16
  4898 | D:3      | Noticed Sigmund
  4999 | D:3      | Killed Sigmund
  4999 | D:3      | Reached XP level 6. HP: 30/32 MP: 0/19
  5012 | D:3      | Noticed Terence
  5079 | D:3      | Killed Terence
  5284 | D:3      | Learned a level 5 spell: Iskenderun's Battlesphere
  5300 | D:3      | Noticed Ijyb
  5315 | D:3      | Killed Ijyb
  5315 | D:3      | Reached skill level 1 in Charms
  6738 | D:4      | Found a shattered altar of Ashenzari.
  6764 | D:4      | Reached skill level 5 in Conjurations
  6764 | D:4      | Reached XP level 7. HP: 36/36 MP: 10/21
  6778 | D:4      | Got an iridescent spear
  6874 | D:4      | Identified the +3 spear of Jytarghupp {pierce, rPois Dex+6} (You found it on level 4 of the Dungeon)
  7145 | D:4      | Reached skill level 5 in Charms
  7535 | D:4      | Found a shattered altar of Ashenzari.
  8190 | D:5      | Entered Level 5 of the Dungeon
  8551 | D:5      | Reached skill level 6 in Conjurations
  8588 | D:5      | Reached XP level 8. HP: 41/41 MP: 12/23
  8590 | D:5      | Noticed Grinder
  8596 | D:5      | Paralysed by Grinder for 3 turns
  8602 | D:5      | Killed Grinder
  8602 | D:5      | Reached skill level 7 in Conjurations
  8863 | D:5      | Gained mutation: Your flesh is cold resistant. (rC+) [mutagenic meat]
  8933 | D:5      | Found a basalt altar of Yredelemnul.
  9284 | D:5      | Found a basalt altar of Yredelemnul.
  9419 | D:6      | Reached skill level 8 in Conjurations
  9859 | D:6      | Reached skill level 9 in Conjurations
 10041 | D:6      | Reached XP level 9. HP: 45/45 MP: 14/24
 10872 | D:7      | Reached skill level 10 in Conjurations
 11067 | D:7      | Found a blossoming altar of Fedhas.
 11067 | D:7      | Found a faded altar of an unknown god.
 11076 | D:7      | Found a hide-covered altar of Uskayaw.
 11079 | D:7      | Found a glowing golden altar of the Shining One.
 11081 | D:7      | Found an opulent altar of Gozag.
 11116 | D:7      | Found a staircase to the Ecumenical Temple.
 11127 | Temple   | Entered the Ecumenical Temple
 11158 | Temple   | Became a worshipper of Vehumet
 11275 | D:7      | Reached skill level 10 in Spellcasting
 11281 | D:7      | Reached skill level 10 in Charms
 11621 | D:8      | Noticed a hill giant
 11637 | D:8      | Killed a hill giant
 12037 | D:8      | Reached XP level 10. HP: 47/50 MP: 17/26
 12494 | D:8      | Found a staircase to the Lair.
 12500 | Lair:1   | Entered Level 1 of the Lair of Beasts
 12505 | Lair:1   | Reached skill level 5 in Dodging
 12507 | Lair:1   | Reached * piety under Vehumet
 12507 | Lair:1   | Offered knowledge of Freeze by Vehumet.
 12589 | Lair:1   | Noticed a spiny frog
 12594 | Lair:1   | Killed a spiny frog
 12710 | Lair:1   | Noticed Xiguana's ghost (journeyman VSWz)
 12722 | Lair:1   | Killed Xiguana's ghost
 12780 | Lair:1   | Noticed a four-headed hydra
 12790 | Lair:1   | Killed a four-headed hydra
 12790 | Lair:1   | Reached skill level 10 in Dodging
 12947 | Lair:1   | Noticed a spiny frog
 12953 | Lair:1   | Killed a spiny frog
 12953 | Lair:1   | Reached skill level 11 in Conjurations
 13053 | Lair:1   | Learned a level 3 spell: Vampiric Draining
 13092 | Lair:1   | Noticed a spiny frog
 13097 | Lair:1   | Killed a spiny frog
 13097 | Lair:1   | Reached skill level 1 in Necromancy
 13097 | Lair:1   | Reached XP level 11. HP: 54/54 MP: 18/27
 13315 | Lair:1   | Reached skill level 5 in Necromancy
 13522 | Lair:1   | Offered knowledge of Sandblast by Vehumet.
 13937 | Lair:2   | Noticed a five-headed hydra
 13942 | Lair:2   | Killed a five-headed hydra
 14068 | Lair:2   | Reached ** piety under Vehumet
 14298 | Lair:2   | Found a staircase to the Snake Pit.
 14563 | Lair:2   | Reached skill level 12 in Conjurations
 14955 | Lair:2   | Learned a level 5 spell: Fireball
 15141 | Lair:3   | Offered knowledge of Inner Flame by Vehumet.
 15141 | Lair:3   | Reached skill level 1 in Fire Magic
 15455 | Lair:3   | Reached XP level 12. HP: 59/59 MP: 24/29
 15463 | Lair:3   | Reached skill level 5 in Fire Magic
 15521 | Lair:3   | Reached *** piety under Vehumet
 15644 | Lair:3   | Noticed a five-headed hydra
 15810 | Lair:3   | Killed a five-headed hydra
 15867 | Lair:3   | Found a staircase to the Shoals.
 15869 | Lair:3   | Noticed Xiguana's ghost (journeyman TrSk)
 15880 | Lair:3   | Slain by Xiguana's ghost

Skill      XL: |  1  2  3  4  5  6  7  8  9 10 11 12 |
---------------+-------------------------------------+-----
Spellcasting   | 5 6 7 8 9 10 11 | 11.7
Charms         | 4 6 9 10 11 | 11.9
Conjurations   | 5 6 9 10 11 12 | 12.1
Dodging        | 3 10 | 10.3
Necromancy     | 1 7 |  7.1
Fire Magic     | 4 7 |  7.0
Stealth        | |  2.4

Action                   |  1- 3 |  4- 6 |  7- 9 | 10-12 || total
-------------------------+-------+-------+-------+-------++-------
Melee: Short sword       |       |    12 |       |       ||    12
       Mace              |       |     8 |       |       ||     8
       Spear             |       |       |       |     1 ||     1
 Cast: Magic Dart        |    79 |   155 |   179 |   184 ||   597
       Dazzling Spray    |       |    14 |    25 |    26 ||    65
       Iskenderun's Batt |       |       |    31 |    41 ||    72
       Fireball          |       |       |       |    11 ||    11
       Vampiric Draining |       |       |       |     3 ||     3
Evoke: Wand              |       |     3 |       |       ||     3
  Use: Scroll            |       |    16 |     7 |     4 ||    27
  Eat: Bread ration      |     1 |       |       |       ||     1
       Chunk             |       |    14 |    19 |    14 ||    47
       Fruit             |       |       |     2 |     1 ||     3
       Beef jerky        |       |       |       |     1 ||     1
Armor: Robe              |     3 |     8 |     9 |     6 ||    26
Dodge: Dodged            |     3 |    39 |    20 |    65 ||   127
